 Dungeon Crawl Stone Soup version 0.21-a0-156-g77413b7 (webtiles) character file.

2433 qqqbard the Carver (level 9, -8/48 HPs)
             Began as a Vine Stalker Fighter on Aug 3, 2017.
             Was an Initiate of Okawaru.
             Mangled by a killer bee (11 damage)
             ... on level 8 of the Dungeon.
             The game lasted 00:16:44 (5780 turns).

qqqbard the Carver (Vine Stalker Fighter)           Turns: 5780, Time: 00:16:45

Health: -8/48      AC: 11    Str: 28    XL:     9   Next: 48%
Magic:  0/10       EV:  9    Int:  8    God:    Okawaru [......]
Gold:   367        SH: 10    Dex: 13    Spells: 8/8 levels left

rFire    . . .     SeeInvis .   a - +0 long sword
rCold    . . .     Gourm    .   c - +0 shield
rNeg     . . .     Faith    .   b - +0 scale mail
rPois    +         Spirit   +   (no helmet)
rElec    .         Reflect  .   L - +0 cloak {rPois}
rCorr    .         Harm     .   G - +0 pair of gloves
MR       +....                  K - +1 pair of boots
Stlth    ..........             (no amulet)
HPRegen  0.56/turn              (no ring)
MPRegen  0.12/turn              (no ring)

@: mighty, lethally poisoned (-8 -> -9)
A: fangs 3, regeneration 1, magic shield, antimagic bite, no potion heal 3, rot
immunity
a: Renounce Religion


You were on level 8 of the Dungeon.
You worshipped Okawaru.
Okawaru was noncommittal.
You were not hungry.

You visited 2 branches of the dungeon, and saw 9 of its levels.

You collected 367 gold pieces.

Inventory:

Hand Weapons
 a - a +0 long sword (weapon)
 H - a +0 rapier
Armour
 b - a +0 scale mail (worn)
 c - a +0 shield (worn)
 G - a +0 pair of gloves (worn)
 K - a +1 pair of boots (worn)
 L - a +0 cloak of poison resistance (worn)
Jewellery
 n - a +3 ring of slaying {unknown}
 A - an uncursed amulet of faith {unknown}
 F - the ring "Pikuur" {*Tele *Slow Str+9 Dex+3, unknown}
   (You found it on level 4 of the Dungeon)

   [ring of teleportation]

   It may teleport you next to monsters.
   It affects your strength (+9).
   It affects your dexterity (+3).
   It may slow you when you take damage.
Wands
 y - a wand of flame (10/48)
 I - a wand of iceblast (6/15)
 N - a wand of digging (14/24)
Scrolls
 e - 3 scrolls of amnesia {unknown}
 h - 5 scrolls of teleportation
 k - a scroll of fear {unknown}
 l - 4 scrolls of remove curse
 o - 2 scrolls of enchant weapon {unknown}
 s - 2 scrolls of recharging {unknown}
 x - 6 scrolls of magic mapping {unknown}
 z - 6 scrolls of identify {unknown}
 B - a scroll of blinking {unknown}
 C - a scroll of random uselessness {unknown}
 D - 2 scrolls of noise {unknown}
 J - 2 scrolls of fog {unknown}
Potions
 d - 2 potions of might
 i - 3 potions of curing {unknown}
 j - a potion of mutation {unknown}
 q - a potion of brilliance {unknown}
 r - 4 potions of heal wounds {unknown}
 t - 2 potions of degeneration {unknown}
 u - 3 potions of agility {unknown}
 v - 2 potions of magic {unknown}
 w - a potion of flight {unknown}
 M - a potion of lignification {unknown}
Comestibles
 f - 7 bread rations
 g - a royal jelly
 m - 4 meat rations
 E - 3 fruits


   Skills:
 + Level 6.2 Fighting
 * Level 9.1 Long Blades
 + Level 3.0 Armour
 + Level 2.3 Dodging
 + Level 3.7 Shields


You had 8 spell levels left.
You didn't know any spells.

Dungeon Overview and Level Annotations

Branches:
Dungeon (8/15)             Temple (1/1) D:7
   Lair: D:8-11

Altars:
Ashenzari
Cheibriados
Elyvilon
Fedhas
Gozag
Hepliaklqana
Kikubaaqudgha
Makhleb
Nemelex Xobeh
Okawaru
Qazlal
Sif Muna
Trog
Uskayaw
Vehumet
Xom
Yredelemnul
Zin
The Shining One


Innate Abilities, Weirdness & Mutations

You have razor-sharp teeth.
Your natural rate of healing is unusually fast.
When hurt, damage is shared between your health and your magic reserves.
Your bite disrupts and absorbs the magic of your enemies.
Potions cannot restore your health.
You are immune to rotting.


Message History

You feel sick.
The killer bee stings you but does no damage. x2
A killer bee comes into view.
You hit the killer bee but do no damage.
Your bite misses the killer bee.
The killer bee is moderately wounded.
You feel sick. You block the killer bee's attack.
The killer bee barely misses you. The killer bee stings you.
* * * LOW HITPOINT WARNING * * *
You barely miss the killer bee. Your bite misses the killer bee.
The killer bee is moderately wounded.
You feel sick. The killer bee barely misses you.
You riposte.
You hit the killer bee. Your bite misses the killer bee.
The killer bee is heavily wounded.
The killer bee stings you but does no damage.
You block the killer bee's attack.
You miss the killer bee.
The killer bee is heavily wounded.
The killer bee stings you!
You die...

####################
......>............#
#################.##
....# #.# ....# #.#
....# ####### #.#
....# #≈≈≈≈≈# #.#
########≈≈.≈≈####.#
#....'.._aSyyy@.#
#....#≈≈.≈y######
#....#≈≈≈≈≈#
#....####### #...a#
#..).######.
#.(.y.......
###...#####. #...#


You could see a worker ant, 4 killer bees and an adder.

Vanquished Creatures
  A queen bee (D:8)
  Grinder (D:5)
  The ghost of Pugs23 the Charmwright, an amateur BaSk (D:4)
  An orc warrior (D:6)
  3 ogres
  2 centaurs
  4 bullfrogs
  2 scorpions
  2 killer bees (D:8)
  2 electric eels
  A crimson imp (D:5)
  3 jellies
  4 orc wizards
  2 orc priests
  2 hounds
  2 iguanas
  5 worker ants
  A hound zombie (D:5)
  8 gnolls
  10 adders
  An ooze (D:1)
  2 adder skeletons
  3 worms
  14 dart slugs
  4 leopard geckos
  17 orcs
  11 bats
  2 giant cockroaches
  10 goblins
  8 hobgoblins
  11 jackals
  7 kobolds
  A quokka (D:3)
  2 ball pythons
  4 frilled lizards
  A quokka zombie (D:6)
  7 rats
162 creatures vanquished.

Vanquished Creatures (others)
  A dart slug (D:7)
1 creature vanquished.

Grand Total: 163 creatures vanquished

Notes
Turn   | Place    | Note
-------+----------+-------------------------------------------
     0 | D:1      | qqqbard the Vine Stalker Fighter began the quest for the Orb.
     0 | D:1      | Reached XP level 1. HP: 11/11 MP: 2/2
    64 | D:1      | Reached skill level 2 in Long Blades
   158 | D:1      | Reached XP level 2. HP: 5/16 MP: 3/3
   415 | D:1      | Found a shattered altar of Ashenzari.
   528 | D:1      | Reached XP level 3. HP: 19/19 MP: 4/4
   727 | D:1      | Reached skill level 3 in Long Blades
   965 | D:2      | Found a shimmering altar of Xom.
   966 | D:2      | Found an ancient bone altar of Kikubaaqudgha.
  1064 | D:2      | Gained mutation: Your natural rate of healing is unusually fast. [Vine Stalker growth]
  1064 | D:2      | Reached XP level 4. HP: 11/24 MP: 5/5
  1162 | D:2      | Found a bloodstained altar of Trog.
  1179 | D:2      | Reached skill level 4 in Long Blades
  1276 | D:2      | Found a faded altar of an unknown god.
  1355 | D:2      | Reached XP level 5. HP: 28/28 MP: 6/6
  1759 | D:3      | Reached XP level 6. HP: 24/32 MP: 7/7
  1761 | D:3      | Reached skill level 5 in Long Blades
  2400 | D:4      | Reached XP level 7. HP: 25/37 MP: 8/8
  2429 | D:4      | Reached skill level 6 in Long Blades
  2480 | D:4      | Got an ancient wooden ring
  2540 | D:4      | Noticed Pugs23's ghost (amateur BaSk)
  2553 | D:4      | Killed Pugs23's ghost
  2652 | D:5      | Entered Level 5 of the Dungeon
  2681 | D:5      | Noticed Grinder
  2693 | D:5      | Killed Grinder
  2777 | D:5      | Reached skill level 5 in Fighting
  2777 | D:5      | Reached skill level 7 in Long Blades
  2777 | D:5      | Gained mutation: You have razor-sharp teeth. [Vine Stalker growth]
  2777 | D:5      | Reached XP level 8. HP: 39/43 MP: 9/9
  2892 | D:5      | Found a snail-covered altar of Cheibriados.
  3415 | D:6      | Reached skill level 8 in Long Blades
  4097 | D:6      | Reached skill level 1 in Dodging
  4377 | D:7      | Found a snail-covered altar of Cheibriados.
  4424 | D:7      | Found a staircase to the Ecumenical Temple.
  4438 | D:7      | Reached XP level 9. HP: 45/48 MP: 8/10
  5172 | Temple   | Entered the Ecumenical Temple
  5633 | Temple   | Became a worshipper of Warmaster Okawaru
  5731 | D:8      | Found a burning altar of Makhleb.
  5749 | D:8      | Noticed a queen bee
  5773 | D:8      | Reached skill level 9 in Long Blades
  5777 | D:8      | Killed a queen bee
  5779 | D:8      | HP: 2/48 [poisoned by a killer bee]
  5780 | D:8      | Mangled by a killer bee

Vault maps used:
D:1:      saegor_arrival_under_anarchy, corexii_hall_statues_t,
          evilmike_ruin_ashenzari
D:2:      lightli_temple_of_fire, chequers_temple_overflow_statue_of_worship,
          chequers_ecumenical_altar_island
D:3:      first_bread
D:4:      kennysheep_nub
D:5:      kennysheep_slug_shrine, uniq_grinder
D:6:      nicolae_lava_and_water
D:7:      kennysheep_slugbush, minmay_temple_entry_trees, basic_altar
D:8:      kennysheep_little_box, serial_shops, shop, david_nohive_1
Temple:   nicolae_temple_great_sept

Skill      XL: |  1  2  3  4  5  6  7  8  9 |
---------------+----------------------------+-----
Long Blades    | 2 3 4 5 7 8 9 |  9.1
Fighting       | 3 4 5 6 |  6.2
Shields        | 3 |  3.7
Dodging        | 1 2 |  2.3
Armour         | 3 |  3.0

Action                   |  1- 3 |  4- 6 |  7- 9 || total
-------------------------+-------+-------+-------++-------
Melee: Long sword        |    80 |   172 |   265 ||   517
       Bite              |    27 |    41 |    95 ||   163
  Use: Scroll            |       |       |     2 ||     2
       Potion            |       |       |     1 ||     1
  Eat: Chunk             |     1 |     4 |     9 ||    14
       Royal jelly       |       |       |     1 ||     1
Armor: Scale mail        |    38 |   112 |   101 ||   251
Dodge: Dodged            |    24 |    71 |    90 ||   185
Block: Shield            |    37 |   121 |   129 ||   287
       Rpst.: Long sword |     6 |    22 |    21 ||    49
